 Seeded DCSS version 0.28-a0-1594-ga885d4b3d6 (webtiles) character file.

Game seed: 11 (custom seed)

352 knot the Chopper (level 6, -7/47 HPs)
             Began as a Demonspawn Berserker on Jan 20, 2022.
             Was a Believer of Trog.
             Killed by nerve-wracking pain
             ... invoked by a shadow imp
             ... summoned by Eustachio
              (14 damage)
             ... on level 4 of the Dungeon.
             The game lasted 00:03:29 (4583 turns).

knot the Chopper (Demonspawn Berserker)             Turns: 4583, Time: 00:03:30

Health: -7/47      AC:  3    Str: 17    XL:     6   Next: 35%
Magic:  6/6        EV: 12    Int: 10    God:    Trog [**....]
Gold:   147        SH:  0    Dex: 13    Spells: 5/5 levels left

rFire   . . .      SeeInvis .   a - +1 hand axe
rCold   . . .      Faith    .   (no shield)
rNeg    . . .      Spirit   .   l - +0 leather armour
rPois   .          Reflect  .   (no helmet)
rElec   .          Harm     .   (no cloak)
rCorr   .          Rampage  .   (no gloves)
Will    .....                   (no boots)
Stlth   +.........              (no amulet)
HPRegen 0.15/turn               (no ring)
MPRegen 0.10/turn               (no ring)

@: about to teleport
A: powered by death 1, sturdy frame 1, weakness stinger 1
a: Renounce Religion, Berserk, Trog's Hand


You were on level 4 of the Dungeon.
You worshipped Trog.
Trog was pleased with you.
You visited 1 branch of the dungeon, and saw 4 of its levels.
You also visited: Sewer.

You collected 147 gold pieces.

Inventory:

Hand Weapons
 a - a +1 hand axe (weapon)
Missiles
 d - 39 stones
 i - 8 boomerangs (quivered)
Armour
 l - a +0 leather armour (worn)
Scrolls
 b - a scroll of fog {unknown}
 e - 6 scrolls of identify {unknown}
 n - a scroll of summoning {unknown}
 o - a scroll of teleportation
 s - a scroll of fear {unknown}
Potions
 c - 3 potions of brilliance {unknown}
 f - 3 potions of mutation {unknown}
 g - a potion of attraction {unknown}
 h - 2 potions of lignification {unknown}
 j - a potion of curing {unknown}
 k - a potion of magic
 m - 2 potions of degeneration {unknown}
 q - 2 potions of cancellation {unknown}
 r - a potion of berserk rage {unknown}
 t - a potion of flight {unknown}
 u - a potion of invisibility {unknown}


   Skills:
 - Level 3.0 Fighting
 + Level 6.6 Axes
 - Level 1.7 Armour
 - Level 1.7 Dodging


You had 5 spell levels left.
You didn't know any spells.
Your spell library contained the following spells:

 Spells                   Type           Power      Damage    Failure   Level
 Blink                    Tloc           0%         N/A       52%         2
 Manifold Assault         Tloc           0%         N/A       100%        5
 Storm Form               Tmut/Air       0%         N/A       100%        7


Dungeon Overview and Level Annotations

Branches:
Dungeon (4/15)              Sewer (visited)
 Temple: D:4-7

Altars:
Ashenzari
Cheibriados
Dithmenos
Elyvilon
Makhleb
Ru
Trog
Vehumet
Yredelemnul

Annotations:
D:4 Eustachio


Innate Abilities, Weirdness & Mutations

You regenerate a little health from kills.
Your movements are slightly less encumbered by armour. (ER -2)
You have a small tail.


Message History

Eustachio is almost dead.
You hit the ufetubus. Eustachio hits you with a +0 rapier.
The ufetubus hits you but does no damage.
The ufetubus closely misses you.
Unknown command.
You closely miss Eustachio.
Eustachio is almost dead.
You hit the ufetubus.
The ufetubus hits you but does no damage.
The ufetubus hits you.
Eustachio casts a spell.
The ufetubus completely misses you. The ufetubus hits you.
You hit Eustachio.
Eustachio is almost dead.
You barely miss the ufetubus. Eustachio hits you with a +0 rapier.
* * * LOW HITPOINT WARNING * * *
The ufetubus closely misses you. The ufetubus barely misses you.
Unknown command.
You hit Eustachio.
Your tail-slap misses Eustachio.
Eustachio is almost dead.
You closely miss the ufetubus.
You recover from your berserk rage.
The ufetubus closely misses you. The ufetubus hits you.
* * * LOW HITPOINT WARNING * * *
Eustachio casts a spell.
Eustachio blinks!
The ufetubus barely misses you. x2
The shadow imp hits you.
* * * LOW HITPOINT WARNING * * *
It was a potion of magic.
Magic courses through your body. The ufetubus misses you.
The ufetubus hits you but does no damage.
The shadow imp hits you.
* * * LOW HITPOINT WARNING * * *
The ufetubus hits you but does no damage.
The ufetubus barely misses you.
The crimson imp blinks!
As you read the scroll labelled GOJEPH DELUY, it crumbles to dust.
You feel strangely unstable.
It was a scroll of teleportation.
The shadow imp gestures at you. Pain shoots through your body!
You die...

#############.# #.#
#.##......# #.##......
#@##...#.## #.##......
#.##.@...## ## #5##...$.. .#
#@##....#####.##
#5##(..........
###r##........#.##
#..ยง##.....#.....#..
#########.####..#..#......[.
..........#######..#.###.#..
.............@.......# #
###############.#..###
#..#..#


You could see Eustachio, a shadow imp (summoned), an ufetubus (summoned) and a
rat (summoned).

Vanquished Creatures
  A phantom (D:4)
  A scorpion (D:4)
  A bullfrog skeleton (D:4)
  4 gnolls (D:4)
  An adder (D:2)
  7 river rats
  A worm (D:2)
  A dart slug (D:3)
  An orc (D:3)
  6 endoplasms
  4 giant cockroaches
  4 goblins
  3 hobgoblins
  4 jackals
  2 quokkas
  11 ball pythons
  8 bats
  5 frilled lizards
  6 kobolds
  16 rats
87 creatures vanquished.

Notes
Turn   | Place    | Note
-------+----------+-------------------------------------------
     0 | D:1      | knot the Demonspawn Berserker began the quest for the Orb.
     0 | D:1      | Reached XP level 1. HP: 18/18 MP: 1/1
    79 | D:1      | Reached skill level 3 in Axes
   174 | D:1      | Gained mutation: You regenerate a little health from kills.
                  | [demonic ancestry]
   174 | D:1      | Reached XP level 2. HP: 9/24 MP: 2/2
   616 | D:1      | Found a faded altar of an unknown god.
  1033 | D:2      | Gained mutation: Your movements are slightly less
                  | encumbered by armour. (ER -2) [demonic ancestry]
  1033 | D:2      | Reached XP level 3. HP: 26/29 MP: 3/3
  1143 | D:2      | Reached skill level 4 in Axes
  1356 | D:2      | Reached ** piety under Trog
  1982 | D:3      | Found a glowing drain.
  1996 | D:3      | Reached XP level 4. HP: 27/35 MP: 4/4
  2044 | Sewer    | Entered a sewer
  2238 | Sewer    | Reached skill level 5 in Axes
  2760 | Sewer    | Reached XP level 5. HP: 38/41 MP: 5/5
  3604 | D:3      | Found a shadowy altar of Dithmenos.
  3607 | D:3      | Found a bloodstained altar of Trog.
  3608 | D:3      | Found a basalt altar of Yredelemnul.
  3608 | D:3      | Found a radiant altar of Vehumet.
  3608 | D:3      | Found a burning altar of Makhleb.
  3610 | D:3      | Found a broken altar of Ashenzari.
  3611 | D:3      | Found a snail-covered altar of Cheibriados.
  3613 | D:3      | Found a sacrificial altar of Ru.
  3767 | D:4      | Reached skill level 6 in Axes
  3979 | D:4      | Gained mutation: You have a small tail. [demonic ancestry]
  3979 | D:4      | Reached XP level 6. HP: 47/47 MP: 6/6
  4534 | D:4      | Noticed Eustachio
  4583 | D:4      | Killed from afar by a shadow imp

Illustrated notes

Levels and vault maps discovered:
D:1:      minmay_arrival_nine_rooms, layout_rooms, basic_ecumenical_altar
D:2:      layout_basic
D:3:      layout_loops_ring, minitemple, portal_sewer_entry_b,
          lemuel_old_faithful
D:4:      layout_basic, uniq_eustachio

Skill      XL: |  1  2  3  4  5 |
---------------+----------------+-----
Axes           | 3 4 5 6 |  6.6
Fighting       | |  3.0
Armour         | |  1.7
Dodging        | |  1.7

Action                   |  1- 3 |  4- 6 || total
-------------------------+-------+-------++-------
Melee: Hand axe          |   113 |   184 ||   297
       Punch             |     1 |     5 ||     6
       Tailslap          |       |     3 ||     3
Throw: Dart              |       |     2 ||     2
       Boomerang         |       |     2 ||     2
Invok: Berserk           |     5 |     5 ||    10
       Trog's Hand       |       |     1 ||     1
  Use: Scroll            |     1 |     1 ||     2
       Potion            |       |     1 ||     1
 Stab: Sleeping          |       |     3 ||     3
Armor: Animal skin       |    27 |       ||    27
       Leather armour    |     3 |    29 ||    32
Dodge: Dodged            |    93 |   119 ||   212

Table legend: (Time is in decaauts)
 A = Elapsed time spent in this place.
 B = Non-inter-level travel time spent in this place.
 C = Inter-level travel time spent in this place.
 D = Time resting spent in this place.
 E = Time spent auto-exploring this place.
 F = Levels seen in this place.
 G = Mean time per level.
                   A        B        C        D        E       F      G
               +--------+--------+--------+--------+--------+-----+--------+
         Total |   4744 |   4607 |    137 |   1270 |   2644 |   5 |  948.8 |
       Dungeon |   3644 |   3507 |    137 |    838 |   2207 |   4 |  911.0 |
         Sewer |   1100 |   1100 |      0 |    431 |    436 |   1 | 1100.0 |
               +--------+--------+--------+--------+--------+-----+--------+

Top non-repeatable levels by time:
   Sewer: 1100 daAuts
     D:1: 1040 daAuts
     D:2: 967 daAuts
     D:4: 940 daAuts
     D:3: 696 daAuts
